 Dungeon Crawl Stone Soup version 0.21.1-1-g345015f (webtiles) character file.

3036 sking99 the Thaumaturge (level 9, -1/66 HPs)
             Began as a Gnoll Wizard on June 14, 2018.
             Was an Initiate of Ashenzari.
             Slain by a killer bee (3 damage)
             ... on level 7 of the Dungeon.
             The game lasted 01:26:16 (13583 turns).

sking99 the Thaumaturge (Gnoll Wizard)             Turns: 13583, Time: 01:26:16

Health: -1/66      AC:  5    Str:  9    XL:     9   Next: 86%
Magic:  0/21       EV: 16    Int: 24    God:    Ashenzari [......]
Gold:   400        SH:  0    Dex: 14    Spells: 5/25 levels left

rFire    . . .     SeeInvis +   y - +2 scimitar (holy)
rCold    . . .     Gourm    .   (no shield)
rNeg     + + .     Faith    +   C - +2 robe {rN+} (curse)
rPois    .         Spirit   .   b - +0 hat
rElec    .         Reflect  .   (no cloak)
rCorr    .         Harm     .   r - +0 pair of gloves
MR       .....                  (no boots)
Stlth    +++.......             G - amulet of faith
HPRegen  0.21/turn              g - ring of see invisible
MPRegen  0.17/turn              m - ring of positive energy (curse)

@: lethally poisoned (-1 -> -1), very slightly contaminated
A: distributed training, fangs 1, strong nose
a: Curse Item, Renounce Religion


You were on level 7 of the Dungeon.
You worshipped Ashenzari.
Ashenzari was noncommittal.
You were not hungry.

You visited 2 branches of the dungeon, and saw 9 of its levels.

You collected 400 gold pieces.

Inventory:

Hand Weapons
 v - a +0 rapier
 y - a +2 scimitar of holy wrath (weapon)
Armour
 a - a +0 robe
 b - a +0 hat (worn)
 r - a +0 pair of gloves (worn)
 s - a +0 shield
 w - a +2 leather armour of magic resistance
 C - a cursed +2 robe of positive energy (worn)
Jewellery
 g - a ring of see invisible (left hand)
 m - a cursed ring of positive energy (right hand)
 G - an amulet of faith (around neck)
Wands
 z - a wand of polymorph (6)
 D - a wand of iceblast (12)
Scrolls
 e - 3 scrolls of remove curse
 f - a scroll of amnesia
 i - a scroll of random uselessness
 l - a scroll of immolation
 o - 6 scrolls of identify
 t - a scroll of magic mapping {unknown}
 u - a scroll of enchant armour {unknown}
 E - 2 scrolls of blinking {unknown}
Potions
 h - 2 potions of flight
 j - 2 potions of haste
 k - a potion of heal wounds
 n - 5 potions of curing
 p - a potion of ambrosia {unknown}
 q - a potion of agility {unknown}
 A - a potion of brilliance {unknown}
 F - a potion of berserk rage {unknown}
Books
 c - a book of Minor Magic

   Spells                             Type                      Level
   a - Magic Dart                     Conjuration                  1
   b - Blink                          Translocation                2
   c - Call Imp                       Summoning                    2
   d - Slow                           Hexes                        2
   e - Conjure Flame                  Conjuration/Fire             3
   f - Mephitic Cloud                 Conjuration/Poison/Air       3
 x - a book of Frost

   Spells                             Type                      Level
   a - Freeze                         Ice                          1
   b - Throw Frost                    Conjuration/Ice              2
   c - Ozocubu's Armour               Charms/Ice                   3
   d - Throw Icicle                   Conjuration/Ice              4
   e - Summon Ice Beast               Ice/Summoning                4
Miscellaneous
 B - a crystal ball of energy
Comestibles
 d - 8 rations


   Skills:
 + Level 4.5 Fighting
 + Level 4.5 Short Blades
 + Level 4.5 Long Blades
 + Level 4.5 Axes
 + Level 4.5 Maces & Flails
 + Level 4.5 Polearms
 + Level 4.5 Staves
 + Level 4.5 Slings
 + Level 4.5 Bows
 + Level 4.5 Crossbows
 + Level 4.5 Throwing
 + Level 4.5 Armour
 + Level 6.5 Dodging
 + Level 6.2 Stealth
 + Level 4.5 Shields
 + Level 4.5 Unarmed Combat
 + Level 8.6 Spellcasting
 + Level 4.4 Conjurations
 + Level 3.7 Hexes
 + Level 3.7 Charms
 + Level 4.4 Summonings
 + Level 3.7 Necromancy
 + Level 4.4 Translocations
 + Level 3.7 Transmutations
 + Level 3.7 Fire Magic
 + Level 3.7 Ice Magic
 + Level 3.7 Air Magic
 + Level 3.7 Earth Magic
 + Level 3.7 Poison Magic
 + Level 5.0 Invocations
 + Level 4.5 Evocations


You had 5 spell levels left.
You knew the following spells:

 Your Spells              Type           Power        Failure   Level  Hunger
a - Throw Icicle          Conj/Ice       ####....     11%         4    ##.....
b - Blink                 Tloc           N/A          1%          2    None
c - Call Imp              Summ           ####....     1%          2    None
d - Slow                  Hex            ####....     1%          2    None
e - Conjure Flame         Conj/Fire      ####....     3%          3    None
f - Mephitic Cloud        Conj/Pois/Air  ####....     3%          3    None
g - Throw Frost           Conj/Ice       ####..       1%          2    None
h - Freeze                Ice            ####         1%          1    None
i - Magic Dart            Conj           ####         1%          1    None


Dungeon Overview and Level Annotations

Branches:
Dungeon (8/15)             Temple (1/1) D:7
   Lair: D:8-11

Altars:
Ashenzari
Cheibriados
Dithmenos
Elyvilon
Fedhas
Gozag
Hepliaklqana
Kikubaaqudgha
Makhleb
Nemelex Xobeh
Okawaru
Qazlal
Ru
Sif Muna
Trog
Uskayaw
Vehumet
Wu Jian
Yredelemnul
Zin
The Shining One

Shops:
D:6 (:

Annotations:
D:3 exclusion: downstairs
D:4 Ethylacetat's ghost, novice DsFi


Innate Abilities, Weirdness & Mutations

Your experience applies equally to all skills.
You have very sharp teeth.
Your uncanny sense of smell can sniff out nearby items.


Message History

You feel sick.
You feel sick.
The killer bee is no longer moving slowly.
The killer bee closely misses you.
You riposte.
You hit the killer bee. Your bite misses the killer bee.
The killer bee is lightly wounded.
The killer bee closely misses you.
The killer bee stings you but does no damage.
The killer bee misses you.
Casting: Blink
Confirm with . or Enter, or press ? or * to list all spells.
You blink.
You feel sick.
Casting: Blink
Confirm with . or Enter, or press ? or * to list all spells.
You blink.
Casting: Blink
Confirm with . or Enter, or press ? or * to list all spells.
You don't have enough magic to cast that spell.
The killer bee stings you.
You die...

.....#.⌠.⌠.#.#..................#
...............##..##.......###..
.....#.....#.###..###.......# ##[
........_....###.## #.......# #.
.....#.....#...#.# #.......# #.
.................# ######.#####.
.....#.⌠.⌠)#.....### ####.....#.
...........((...<..####.(((###.#.
.....#....(#....@y...##.##.###.#.
.......(......#.#....##(#...##)#.
...†>()(.###..#..#........_(.....
........## #.###..#..#.##.(.#.###
...)...## #.# ##.##.#.###.##.#
....<.######.# #.####(###..).#
..#######....# #..###(.().####
..#####...#### ##...#####.#
....##..### #####.....#


You could see a killer bee.

Vanquished Creatures
  A cyclops (D:7)
  Eustachio (D:5)
  A hungry ghost (D:7)
  3 orc warriors (D:5)
  A black bear (D:7)
  3 centaurs
  A phantom (D:7)
  5 ogres
  4 big kobolds
  Blork the orc (D:5)
  A gnoll sergeant (D:5)
  A water moccasin skeleton (D:7)
  3 scorpions
  3 killer bees
  A howler monkey (D:4)
  A crimson imp (D:6)
  2 hounds
  A jelly (D:4)
  Crazy Yiuf (D:7)
  An orc priest (D:5)
  2 orc wizards
  3 worker ants
  Robin (D:3)
  A worker ant zombie (D:7)
  3 gnolls
  9 adders
  2 shadow imps
  3 oozes
  An adder skeleton (D:4)
  A worm (D:3)
  A dart slug (D:1)
  7 leopard geckos
  11 orcs
  9 giant cockroaches
  14 goblins
  12 hobgoblins
  18 jackals
  16 kobolds
  4 quokkas
  A ball python (D:4)
  7 bats
  5 frilled lizards
  A quokka skeleton (D:6)
  8 rats
176 creatures vanquished.

Notes
Turn   | Place    | Note
-------+----------+-------------------------------------------
     0 | D:1      | sking99 the Gnoll Wizard began the quest for the Orb.
     0 | D:1      | Reached XP level 1. HP: 13/13 MP: 8/8
   150 | D:1      | Reached XP level 2. HP: 19/19 MP: 3/10
   637 | D:1      | Reached XP level 3. HP: 25/25 MP: 0/11
   773 | D:1      | Learned a level 2 spell: Blink
   776 | D:1      | Learned a level 2 spell: Call Imp
   779 | D:1      | Learned a level 2 spell: Slow
   783 | D:1      | Learned a level 3 spell: Conjure Flame
   787 | D:1      | Learned a level 3 spell: Mephitic Cloud
  1463 | D:2      | Reached skill level 1 in Invocations
  1888 | D:2      | Reached skill level 1 in Fighting
  1888 | D:2      | Reached skill level 1 in Short Blades
  1888 | D:2      | Reached skill level 1 in Long Blades
  1888 | D:2      | Reached skill level 1 in Axes
  1888 | D:2      | Reached skill level 1 in Maces & Flails
  1888 | D:2      | Reached skill level 1 in Polearms
  1888 | D:2      | Reached skill level 1 in Staves
  1888 | D:2      | Reached skill level 1 in Slings
  1888 | D:2      | Reached skill level 1 in Bows
  1888 | D:2      | Reached skill level 1 in Crossbows
  1888 | D:2      | Reached skill level 1 in Throwing
  1888 | D:2      | Reached skill level 1 in Armour
  1888 | D:2      | Reached skill level 1 in Shields
  1888 | D:2      | Reached skill level 1 in Unarmed Combat
  1888 | D:2      | Reached skill level 1 in Evocations
  2035 | D:2      | Reached XP level 4. HP: 32/32 MP: 9/13
  2301 | D:2      | Reached skill level 1 in Hexes
  2301 | D:2      | Reached skill level 1 in Charms
  2301 | D:2      | Reached skill level 1 in Necromancy
  2301 | D:2      | Reached skill level 1 in Transmutations
  2301 | D:2      | Reached skill level 1 in Fire Magic
  2301 | D:2      | Reached skill level 1 in Ice Magic
  2301 | D:2      | Reached skill level 1 in Air Magic
  2301 | D:2      | Reached skill level 1 in Earth Magic
  2301 | D:2      | Reached skill level 1 in Poison Magic
  2306 | D:2      | Noticed an ogre
  2593 | D:2      | Killed an ogre
  2593 | D:2      | Reached XP level 5. HP: 37/37 MP: 1/14
  3331 | D:3      | Reached XP level 6. HP: 44/44 MP: 8/16
  3567 | D:3      | Noticed Robin
  3777 | D:3      | Killed Robin
  3987 | D:3      | Reached skill level 5 in Dodging
  4158 | D:3      | Found a sacrificial altar of Ru.
  4682 | D:4      | Noticed Ethylacetat's ghost (novice DsFi)
  6060 | D:4      | Reached XP level 7. HP: 50/50 MP: 12/18
  6247 | D:5      | Entered Level 5 of the Dungeon
  6319 | D:5      | Noticed Eustachio
  6988 | D:5      | Killed Eustachio
  6988 | D:5      | Reached skill level 5 in Stealth
  7264 | D:5      | Noticed Blork the orc
  7534 | D:5      | Killed Blork the orc
  7534 | D:5      | Reached XP level 8. HP: 55/57 MP: 6/19
  7893 | D:5      | Learned a level 2 spell: Throw Frost
  8861 | D:5      | You fall through a shaft!
  8861 | D:6      | Found Imum's Book Shop.
  8864 | D:6      | Found Seraugunk's Weapon Shoppe.
  9182 | D:6      | Learned a level 1 spell: Freeze
  9220 | D:6      | Noticed a yak
  9335 | D:6      | Noticed a green ugly thing
  9938 | D:6      | Reached skill level 8 in Spellcasting
 10290 | D:6      | HP: 1/58 [green ugly thing (13)]
 11114 | D:5      | Learned a level 4 spell: Throw Icicle
 11541 | D:7      | Reached XP level 9. HP: 30/65 MP: 5/21
 11713 | D:7      | Found a white marble altar of Elyvilon.
 11752 | D:7      | Found a hazy altar of Hepliaklqana.
 12199 | D:7      | Noticed a cyclops
 12211 | D:7      | Found an ancient bone altar of Kikubaaqudgha.
 12218 | D:7      | Killed a cyclops
 12454 | D:7      | Found a staircase to the Ecumenical Temple.
 12463 | Temple   | Entered the Ecumenical Temple
 12709 | Temple   | Became a worshipper of Ashenzari the Shackled
 13025 | D:7      | Found a runed door.
 13216 | D:7      | Noticed Crazy Yiuf
 13219 | D:7      | Killed Crazy Yiuf
 13400 | D:8      | Reached skill level 5 in Invocations
 13569 | D:7      | HP: 3/66 [poisoned by a killer bee]
 13574 | D:7      | HP: 2/66 [poisoned by a killer bee]
 13581 | D:7      | HP: 2/66 [poisoned by a killer bee]
 13583 | D:7      | Slain by a killer bee

Skill      XL: |  1  2  3  4  5  6  7  8  9 |
---------------+----------------------------+-----
Conjurations   | 2 3 4 |  4.4
Summonings     | 2 3 4 |  4.4
Translocations | 2 3 4 |  4.4
Invocations    | 1 2 3 4 5 |  5.0
Fighting       | 1 2 3 4 |  4.5
Short Blades   | 1 2 3 4 |  4.5
Long Blades    | 1 2 3 4 |  4.5
Axes           | 1 2 3 4 |  4.5
Maces & Flails | 1 2 3 4 |  4.5
Polearms       | 1 2 3 4 |  4.5
Staves         | 1 2 3 4 |  4.5
Slings         | 1 2 3 4 |  4.5
Bows           | 1 2 3 4 |  4.5
Crossbows      | 1 2 3 4 |  4.5
Throwing       | 1 2 3 4 |  4.5
Armour         | 1 2 3 4 |  4.5
Shields        | 1 2 3 4 |  4.5
Unarmed Combat | 1 2 3 4 |  4.5
Evocations     | 1 2 3 4 |  4.5
Hexes          | 1 2 3 |  3.7
Charms         | 1 2 3 |  3.7
Necromancy     | 1 2 3 |  3.7
Transmutations | 1 2 3 |  3.7
Fire Magic     | 1 2 3 |  3.7
Ice Magic      | 1 2 3 |  3.7
Air Magic      | 1 2 3 |  3.7
Earth Magic    | 1 2 3 |  3.7
Poison Magic   | 1 2 3 |  3.7
Dodging        | 5 6 |  6.5
Stealth        | 5 6 |  6.2
Spellcasting   | 8 |  8.6

Action                   |  1- 3 |  4- 6 |  7- 9 || total
-------------------------+-------+-------+-------++-------
Melee: Unarmed           |       |     1 |     5 ||     6
       Scimitar          |       |       |    10 ||    10
       Punch             |       |       |     1 ||     1
       Bite              |       |       |     1 ||     1
 Cast: Magic Dart        |   105 |   197 |   411 ||   713
       Conjure Flame     |     4 |     9 |    18 ||    31
       Slow              |     2 |     6 |     5 ||    13
       Mephitic Cloud    |       |     8 |    26 ||    34
       Blink             |       |     1 |    11 ||    12
       Call Imp          |       |     5 |    27 ||    32
       Throw Frost       |       |       |     8 ||     8
       Throw Icicle      |       |       |    24 ||    24
Invok: Curse Item        |       |       |     2 ||     2
Evoke: Wand              |       |       |     6 ||     6
       Crystal ball of e |       |       |     6 ||     6
  Use: Scroll            |       |     8 |     2 ||    10
       Potion            |       |       |     3 ||     3
  Eat: Ration            |     1 |     1 |     7 ||     9
       Chunk             |       |     7 |     2 ||     9
Armor: Robe              |     5 |     2 |    20 ||    27
       Skin              |       |       |     1 ||     1
       Leather armour    |       |       |    11 ||    11
Dodge: Dodged            |    26 |    29 |   195 ||   250
       Rpst.: Scimitar   |       |       |    28 ||    28
